 Dungeon Crawl Stone Soup version 0.27.1-3-gb3d3a73c9e (webtiles) character file.

Game seed: 13412530852877890116

5470 Goreval the Fighter (level 10, 0/82 HPs)
             Began as a Gnoll Wanderer on Oct 17, 2021.
             Was a Priest of Kikubaaqudgha.
             Slain by a komodo dragon (22 damage)
             ... on level 8 of the Dungeon.
             The game lasted 00:34:24 (14729 turns).

Goreval the Fighter (Gnoll Wanderer)               Turns: 14729, Time: 00:34:24

Health: 0/82       AC: 15    Str: 14    XL:     10   Next: 69%
Magic:  27/27      EV:  5    Int: 15    God:    Kikubaaqudgha [***...]
Gold:   458        SH:  0    Dex:  9    Spells: 20/20 levels left

rFire    . . .     SeeInvis .   a - +5 trident (freeze)
rCold    . . .     Faith    .   (no shield)
rNeg     + . .     Spirit   .   D - +0 plate armour
rPois    +         Reflect  .   (no helmet)
rElec    .         Harm     .   t - +2 cloak {rPois}
rCorr    .         Rampage  .   (no gloves)
Will     .....                  (no boots)
Stlth    ..........             (no amulet)
HPRegen  0.23/turn              v - ring of magical power
MPRegen  0.20/turn              H - ring of positive energy

@: no status effects
A: fangs 1, strong nose, distributed training
a: Renounce Religion, Receive Corpses


You were on level 8 of the Dungeon.
You worshipped Kikubaaqudgha.
Kikubaaqudgha was most pleased with you.
You visited 2 branches of the dungeon, and saw 10 of its levels.

You collected 458 gold pieces.

Inventory:

Hand Weapons
 a - a +5 trident of freezing (weapon)
 b - a +2 hand crossbow
 f - a +2 falchion of flaming
 y - a +4 hand axe of electrocution
 E - a +1 vorpal scythe
 I - a +2 rapier of venom
Missiles
 c - 96 bolts
 i - 183 stones (quivered)
 r - 182 arrows
 x - 56 poisoned darts
 C - 52 sling bullets
Armour
 h - a +0 chain mail
 t - a +2 cloak of poison resistance (worn)
 A - a +0 leather armour
 B - a +1 scale mail
 D - a +0 plate armour (worn)
 N - a +0 robe of fire resistance
Magical Staves
 J - a staff of air
Jewellery
 v - a ring of magical power (left hand)
 H - a ring of positive energy (right hand)
Wands
 s - a wand of iceblast (22)
 F - a wand of charming (12)
 G - a wand of digging (3)
Scrolls
 e - a scroll of summoning
 j - a scroll of torment
 l - 2 scrolls of blinking
 o - a scroll of brand weapon {unknown}
 q - 3 scrolls of enchant armour
 u - a scroll of fear {unknown}
 K - a scroll of amnesia
 L - a scroll of noise {unknown}
 O - a scroll of teleportation
Potions
 d - 4 potions of lignification
 g - 2 potions of flight
 k - a potion of mutation {unknown}
 m - 3 potions of attraction
 n - 4 potions of might
 p - 2 potions of heal wounds
 w - a potion of brilliance
 z - 3 potions of haste
 M - 2 potions of curing


   Skills:
 + Level 8.6 Fighting
 + Level 5.5 Short Blades
 + Level 5.5 Long Blades
 + Level 5.5 Axes
 + Level 5.5 Maces & Flails
 + Level 5.5 Polearms
 + Level 5.5 Staves
 + Level 5.5 Slings
 + Level 5.5 Bows
 + Level 7.2 Crossbows
 + Level 5.5 Throwing
 + Level 5.5 Armour
 + Level 6.1 Dodging
 + Level 8.2 Stealth
 + Level 5.5 Shields
 + Level 5.5 Unarmed Combat
 + Level 5.5 Spellcasting
 + Level 4.5 Conjurations
 + Level 4.5 Hexes
 + Level 4.5 Summonings
 + Level 4.5 Necromancy
 + Level 4.5 Translocations
 + Level 4.5 Transmutations
 + Level 4.5 Fire Magic
 + Level 4.5 Ice Magic
 + Level 4.5 Air Magic
 + Level 4.5 Earth Magic
 + Level 4.5 Poison Magic
 + Level 6.0 Invocations
 + Level 6.1 Evocations


You had 20 spell levels left.
You didn't know any spells.
Your spell library contained the following spells:

 Spells                   Type           Power      Damage    Failure   Level
 Pain                     Necr           68%        1d7       88%         1
 Shock                    Conj/Air       68%        1d7       88%         1
 Summon Small Mammal      Summ           68%        N/A       88%         1
 Corpse Rot               Necr/Air       N/A        N/A       95%         2
 Sublimation of Blood     Necr           8%         N/A       95%         2
 Call Canine Familiar     Summ           17%        N/A       99%         3
 Summon Guardian Golem    Hex/Summ       17%        N/A       99%         3
 Swiftness                Air            17%        N/A       99%         3
 Vampiric Draining        Necr           8%         2d7       99%         3
 Airstrike                Air            8%         N/A       100%        4
 Animate Dead             Necr           8%         N/A       100%        4
 Dispel Undead            Necr           17%        3d10      100%        4
 Summon Ice Beast         Ice/Summ       17%        N/A       100%        4
 Agony                    Necr           17%        N/A       100%        5
 Borgnjor's Vile Clutch   Necr/Erth      8%         N/A       100%        5
 Summon Mana Viper        Hex/Summ       17%        N/A       100%        5
 Simulacrum               Ice/Necr       8%         N/A       100%        6
 Monstrous Menagerie      Summ           8%         N/A       100%        7


Dungeon Overview and Level Annotations

Branches:
Dungeon (9/15)             Temple (1/1) D:7
   Lair: D:8-11         Orc: D:9-12

Altars:
Ashenzari
Cheibriados
Dithmenos
Elyvilon
Fedhas
Gozag
Hepliaklqana
Kikubaaqudgha
Nemelex Xobeh
Okawaru
Qazlal
Ru
Sif Muna
Trog
Uskayaw
Vehumet
Wu Jian
Xom
Yredelemnul
Zin
The Shining One

Shops:
D:1 (   D:2 :   D:9 *

Annotations:
D:5 Pikel


Innate Abilities, Weirdness & Mutations

You have very sharp teeth.
Your uncanny sense of smell can sniff out nearby items.
Your experience applies equally to all skills.


Message History

You are too injured to fight recklessly!
You are too injured to fight recklessly!
You are too injured to fight recklessly!
You are too injured to fight recklessly!
You are too injured to fight recklessly!
You are too injured to fight recklessly!
You are too injured to fight recklessly!
Unknown command.
The gnoll hits you from afar with a +0 halberd.
The komodo dragon bites you.
Here: a komodo dragon (lightly wounded)
The floor.
You hit the komodo dragon. You freeze the komodo dragon.
The gnoll hits you but does no damage. The komodo dragon bites you.
Unknown command.
There is a stone staircase leading up here.
The gnoll barely misses you. The komodo dragon bites you.
You climb upwards.
There is a stone staircase leading down here.
You puncture the komodo dragon!
The komodo dragon seems to slow down.
You freeze the komodo dragon. The komodo dragon bites you.
You hit the komodo dragon.
The komodo dragon seems to slow down.
You freeze the komodo dragon. You closely miss the komodo dragon.
The komodo dragon bites you!
* * * LOW HITPOINT WARNING * * *
The komodo dragon is no longer moving slowly.
You hit the komodo dragon but do no damage.
The komodo dragon bites you!
* * * LOW HITPOINT WARNING * * *
You closely miss the komodo dragon. Your bite misses the komodo dragon.
The komodo dragon bites you but does no damage.
Unknown command.
The komodo dragon bites you!!
* * * LOW HITPOINT WARNING * * *
The komodo dragon hisses menacingly.
The komodo dragon hisses menacingly.
The komodo dragon hisses menacingly.
The komodo dragon bites you!!
You die...
Kikubaaqudgha rasps: "You have failed me!
Welcome... death!"

############ # #..........#
## #..........# ##### .#
#..........# #.... .#
#######.#### #####.... .#
###########.########........
.#
##........>...........###....
.####..#########@##########
##### ......## #l# # .######
#.# ## .### #.#
#############. ...###
####.###............. .#...##
#.........########.##
.###..## #.........# #.## ##
##..## #.........# #.## #
##..#####.........# #...


You could see a komodo dragon.

Vanquished Creatures
  A two-headed ogre (D:8)
  A shadow (D:8)
  Sigmund (D:2)
  6 yaks
  2 steam dragons (D:8)
  A vampire mosquito (D:6)
  3 water moccasins (D:7)
  An ice beast (D:7)
  4 necrophages
  An orc warrior (D:6)
  2 black bears
  3 ogres
  3 centaurs
  A kobold brigand (D:7)
  3 bullfrogs
  5 scorpions
  A gnoll sergeant (D:9)
  A water moccasin zombie (D:6)
  4 wights (D:8)
  A centaur zombie (D:7)
  A bullfrog zombie (D:6)
  2 jellies
  A hound (D:6)
  2 orc priests
  A bullfrog skeleton (D:6)
  A centaur skeleton (D:7)
  Jessica (D:2)
  Crazy Yiuf (D:2)
  Ijyb (D:3)
  Terence (D:3)
  Natasha (thrice) (D:3)
  5 iguanas
  4 orc wizards
  A howler monkey zombie (D:7)
  11 gnolls
  5 adders
  A white imp (D:7)
  2 ufetubi (D:4)
  A worm (D:4)
  5 dart slugs
  8 orcs
  6 endoplasms
  6 giant cockroaches
  7 goblins
  7 hobgoblins
  4 jackals
  2 quokkas
  4 ball pythons
  6 bats
  2 frilled lizards
  9 kobolds
  8 rats
164 creatures vanquished.

Vanquished Creatures (others)
  A plant (D:9)
1 creature vanquished.

Grand Total: 165 creatures vanquished

Notes
Turn   | Place    | Note
-------+----------+-------------------------------------------
     0 | D:1      | Goreval the Gnoll Wanderer began the quest for the Orb.
     0 | D:1      | Goreval set off with the following items: a +2 hand
                  | crossbow, 30 bolts, a +0 spear, a potion of lignification,
                  | a +0 robe, a +0 dagger
     0 | D:1      | Reached XP level 1. HP: 23/23 MP: 1/1
   247 | D:1      | Reached XP level 2. HP: 27/29 MP: 2/2
   566 | D:1      | Found Bozucuogocw's Weapon Boutique.
   724 | D:1      | Reached XP level 3. HP: 32/35 MP: 3/3
  1339 | D:2      | Noticed Sigmund
  1528 | D:1      | Reached skill level 1 in Invocations
  1681 | D:2      | Found a runed translucent door.
  1682 | D:2      | Noticed Crazy Yiuf
  2575 | D:2      | Noticed Jessica
  2582 | D:2      | Killed Jessica
  2583 | D:2      | Reached skill level 1 in Short Blades
  2583 | D:2      | Reached skill level 1 in Long Blades
  2583 | D:2      | Reached skill level 1 in Axes
  2583 | D:2      | Reached skill level 1 in Maces & Flails
  2583 | D:2      | Reached skill level 1 in Polearms
  2583 | D:2      | Reached skill level 1 in Staves
  2583 | D:2      | Reached skill level 1 in Slings
  2583 | D:2      | Reached skill level 1 in Bows
  2583 | D:2      | Reached skill level 1 in Throwing
  2583 | D:2      | Reached skill level 1 in Armour
  2583 | D:2      | Reached skill level 1 in Shields
  2583 | D:2      | Reached skill level 1 in Unarmed Combat
  2583 | D:2      | Reached skill level 1 in Spellcasting
  2583 | D:2      | Reached XP level 4. HP: 28/41 MP: 5/5
  2688 | D:3      | Noticed Ijyb
  2710 | D:3      | Killed Ijyb
  2711 | D:3      | Reached skill level 1 in Conjurations
  2711 | D:3      | Reached skill level 1 in Hexes
  2711 | D:3      | Reached skill level 1 in Summonings
  2711 | D:3      | Reached skill level 1 in Necromancy
  2711 | D:3      | Reached skill level 1 in Translocations
  2711 | D:3      | Reached skill level 1 in Transmutations
  2711 | D:3      | Reached skill level 1 in Fire Magic
  2711 | D:3      | Reached skill level 1 in Ice Magic
  2711 | D:3      | Reached skill level 1 in Air Magic
  2711 | D:3      | Reached skill level 1 in Earth Magic
  2711 | D:3      | Reached skill level 1 in Poison Magic
  2764 | D:3      | Found a stormy altar of Qazlal.
  2783 | D:3      | Found a glowing silver altar of Zin.
  2783 | D:3      | Noticed an angel
  2813 | D:3      | Found a shimmering altar of Xom.
  2890 | D:3      | Reached XP level 5. HP: 45/47 MP: 6/6
  3267 | D:3      | Found a faded altar of an unknown god.
  3271 | D:3      | Became a worshipper of Kikubaaqudgha
  3271 | D:3      | Reached * piety under Kikubaaqudgha
  3271 | D:3      | Received a gift from Kikubaaqudgha
  3570 | D:3      | Noticed Natasha
  3577 | D:3      | Killed Natasha
  3578 | D:3      | Reached XP level 6. HP: 22/53 MP: 8/8
  4156 | D:3      | Noticed Natasha
  4172 | D:3      | Killed Natasha
  4451 | D:3      | Found a shimmering altar of Xom.
  4455 | D:3      | Found a glowing silver altar of Zin.
  4466 | D:3      | Found a stormy altar of Qazlal.
  4800 | D:3      | Found an ancient bone altar of Kikubaaqudgha.
  4811 | D:3      | Noticed Natasha
  4819 | D:3      | Killed Natasha
  4895 | D:3      | Reached skill level 5 in Crossbows
  4929 | D:4      | Noticed a necrophage
  5408 | D:4      | Reached ** piety under Kikubaaqudgha
  5593 | D:3      | Killed a necrophage
  5594 | D:3      | Reached XP level 7. HP: 26/56 MP: 10/10
  6609 | D:4      | Found a basalt altar of Yredelemnul.
  6618 | D:4      | Found an ornate altar of the Wu Jian Council.
  6954 | D:2      | Noticed Terence
  6976 | D:3      | Killed Terence
  7068 | D:2      | Found Kuofopav's Book Shoppe.
  7609 | D:2      | Killed Crazy Yiuf
  7625 | D:2      | Killed Sigmund
  8061 | D:5      | Entered Level 5 of the Dungeon
  8079 | D:5      | Reached XP level 8. HP: 38/67 MP: 12/12
  8470 | D:5      | Noticed a hornet
  8592 | D:6      | You fall into a shaft and drop 1 floor!
  9267 | D:6      | Found an opulent altar of Gozag.
  9267 | D:6      | Found a sparkling altar of Nemelex Xobeh.
  9880 | D:6      | Reached XP level 9. HP: 52/72 MP: 14/14
 10434 | D:5      | Noticed Pikel
 10605 | D:7      | Found a staircase to the Ecumenical Temple.
 10613 | D:7      | Reached skill level 5 in Dodging
 10613 | D:7      | Reached skill level 5 in Evocations
 10622 | Temple   | Entered the Ecumenical Temple
 10994 | D:7      | Noticed a gargoyle
 10994 | D:7      | Noticed a manticore
 10994 | D:7      | Noticed a gargoyle
 11329 | D:7      | Reached skill level 5 in Invocations
 11576 | D:7      | Reached *** piety under Kikubaaqudgha
 11576 | D:7      | Received a gift from Kikubaaqudgha
 12238 | D:9      | Found Huzxigh's Assorted Antiques.
 12322 | D:8      | Reached XP level 10. HP: 39/75 MP: 17/17
 12512 | D:8      | Noticed a two-headed ogre
 12522 | D:8      | Killed a two-headed ogre
 12523 | D:8      | Reached skill level 5 in Short Blades
 12523 | D:8      | Reached skill level 5 in Long Blades
 12523 | D:8      | Reached skill level 5 in Axes
 12523 | D:8      | Reached skill level 5 in Maces & Flails
 12523 | D:8      | Reached skill level 5 in Polearms
 12523 | D:8      | Reached skill level 5 in Staves
 12523 | D:8      | Reached skill level 5 in Slings
 12523 | D:8      | Reached skill level 5 in Bows
 12523 | D:8      | Reached skill level 5 in Throwing
 12523 | D:8      | Reached skill level 5 in Armour
 12523 | D:8      | Reached skill level 5 in Shields
 12523 | D:8      | Reached skill level 5 in Unarmed Combat
 12523 | D:8      | Reached skill level 5 in Spellcasting
 13629 | D:8      | Found an iron altar of Okawaru.
 14729 | D:8      | Slain by a komodo dragon

Illustrated notes

Levels and vault maps discovered:
D:1:      psy_arrival_statuary, layout_basic, serial_shops, shop
D:2:      layout_basic, serial_shops, shop, hangedman_decor_points, minmay_puff,
          uniq_terence, uniq_sigmund, uniq_jessica, uniq_crazy_yiuf_cottage
D:3:      layout_loops_corners, amcnicky_altar_gilded,
          grunt_temple_overflow_order_and_chaos_1,
          hellmonk_ecumenical_altar_leap_of_faith, serial_glass,
          glass_columns_a, glass_columns_b, glass_columns_b, glass_columns_a,
          minmay_misc_feat_enclosed, uniq_natasha, uniq_ijyb
D:4:      layout_loops_ring, mainiacjoe_overflow_swirl, nrook_loot_triangle,
          bh_walls_and_bars
D:5:      minmay_general_purpose_star, layout_basic,
          makhleb_blood_cavern_becter, serial_bayou_pond_b,
          kennysheep_generic_room_6, uniq_edmund, uniq_pikel
D:6:      layout_basic, grunt_temple_overflow_opulence, minmay_three_doors
D:7:      minmay_the_grid_octo_2x2 [minmay_the_grid_octo_chip,
          minmay_the_grid_octo_checkered, minmay_the_grid_octo_checkerflower,
          minmay_the_grid_octo_prize_square_snowflake], layout_cave_pods,
          minmay_temple_entry_glassed_door
D:8:      layout_rooms, lemuel_coloured_pillars_altar
D:9:      layout_irregular_city, grunt_lair_entry_orc_guard_hut,
          nicolae_stop_n_shop_2, hangedman_abyss_or_decor_lesser_grid,
          minivault_12
Temple:   cyrus_circular_temple

Skill      XL: |  1  2  3  4  5  6  7  8  9 10 |
---------------+-------------------------------+-----
Stealth        | 6 7 8 |  8.2
Invocations    | 1 2 3 4 5 6 |  6.0
Short Blades   | 1 2 3 4 5 |  5.5
Long Blades    | 1 2 3 4 5 |  5.5
Axes           | 1 2 3 4 5 |  5.5
Maces & Flails | 1 2 3 4 5 |  5.5
Polearms       | 1 2 3 4 5 |  5.5
Staves         | 1 2 3 4 5 |  5.5
Slings         | 1 2 3 4 5 |  5.5
Bows           | 1 2 3 4 5 |  5.5
Throwing       | 1 2 3 4 5 |  5.5
Armour         | 1 2 3 4 5 |  5.5
Shields        | 1 2 3 4 5 |  5.5
Unarmed Combat | 1 2 3 4 5 |  5.5
Spellcasting   | 1 2 3 4 5 |  5.5
Conjurations   | 1 2 3 4 |  4.5
Hexes          | 1 2 3 4 |  4.5
Summonings     | 1 2 3 4 |  4.5
Necromancy     | 1 2 3 4 |  4.5
Translocations | 1 2 3 4 |  4.5
Transmutations | 1 2 3 4 |  4.5
Fire Magic     | 1 2 3 4 |  4.5
Ice Magic      | 1 2 3 4 |  4.5
Air Magic      | 1 2 3 4 |  4.5
Earth Magic    | 1 2 3 4 |  4.5
Poison Magic   | 1 2 3 4 |  4.5
Dodging        | 3 4 5 6 |  6.1
Evocations     | 3 4 5 6 |  6.1
Crossbows      | 5 6 7 |  7.2
Fighting       | 7 8 |  8.6

Action                   |  1- 3 |  4- 6 |  7- 9 | 10-12 || total
-------------------------+-------+-------+-------+-------++-------
Melee: Spear             |    86 |       |       |       ||    86
       Bite              |     7 |    11 |    24 |     8 ||    50
       Whip              |    60 |   140 |    82 |       ||   282
       Scythe            |       |       |    61 |       ||    61
       Punch             |       |       |     3 |     3 ||     6
       Hand axe          |       |       |   161 |       ||   161
       Rapier            |       |       |     5 |       ||     5
       Trident           |       |       |       |   118 ||   118
 Fire: Hand crossbow     |       |       |    26 |     3 ||    29
Throw: Stone             |    60 |    48 |   101 |    13 ||   222
  Use: Scroll            |       |     2 |    14 |     2 ||    18
       Potion            |       |       |       |     1 ||     1
Armor: Chain mail        |    90 |    64 |    88 |       ||   242
       Plate armour      |       |       |   157 |    75 ||   232
Dodge: Dodged            |    48 |    36 |    96 |    18 ||   198
